 Dungeon Crawl Stone Soup version 0.30-a0-743-gbfdf073431 (webtiles) character file.

Game seed: 7783169317058966507

43529 Lavandula the Protected (level 14, 4/111 HPs)
             Began as a Human Monk on Feb 6, 2023.
             Was a Follower of Elyvilon.
             Quit the game on level 5 of the Lair of Beasts.
             The game lasted 00:40:10 (17609 turns).

Lavandula the Protected (Human Monk)               Turns: 17609, Time: 00:40:11

Health: 4/111      AC: 30    Str: 13    XL:     14   Next: 61%
Magic:  9/23       EV:  7    Int: 11    God:    Elyvilon [*.....]
Gold:   903        SH:  0    Dex: 19    Spells: 13/13 levels left

rFire   . . .      SeeInvis .    d - +2 short sword (venom)
rCold   . . .      Faith    .    (no shield)
rNeg    . . .      Spirit   .    v - +10 plate armour {ponderous}
rPois   +          Reflect  .    j - +0 helmet
rElec   .          Harm     .    (no cloak)
rCorr   +          Rampage  .    B - +1 pair of gloves
Will    +....      Clarity  +    (no boots) Stlth
                                 n - amulet of regeneration
HPRegen 1.18/turn                G - ring of resist corrosion
MPRegen 0.18/turn                H - ring of poison resistance

@: studying Evocations, slow
A: hooves 1, clarity, wild magic 1
a: Renounce Religion, Purification


You were on level 5 of the Lair of Beasts.
You worshipped Elyvilon.
Elyvilon was aware of your devotion.
You visited 3 branches of the dungeon, and saw 17 of its levels.
You also visited: Bailey.

You collected 984 gold pieces.
You spent 81 gold pieces at shops.

Inventory:

Hand Weapons
 a - a +0 falchion
 d - a +2 short sword of venom (weapon)
 x - a +2 short sword of electrocution
Missiles
 t - 13 boomerangs
 D - 29 poisoned darts (quivered)
Armour
 b - a +0 robe
 e - a +0 pair of boots
 h - a +0 helmet
 j - a +0 helmet (worn)
 u - quicksilver dragon scales
 v - a +10 plate armour of ponderousness (worn)
 B - a +1 pair of gloves (worn)
 E - +0 steam dragon scales
Jewellery
 n - an amulet of regeneration (around neck)
 G - a ring of resist corrosion (left hand)
 H - a ring of poison resistance (right hand)
 L - a ring of ice
 N - a ring of protection from fire
Wands
 w - a wand of flame (14)
 F - a wand of paralysis (6)
 K - a wand of polymorph (4)
 O - a wand of mindburst (7)
Scrolls
 o - 4 scrolls of identify
 q - a scroll of silence
 r - 4 scrolls of amnesia
 y - 3 scrolls of brand weapon
 A - a scroll of immolation
 C - 2 scrolls of vulnerability
 J - 3 scrolls of enchant weapon
 M - a scroll of poison {unknown}
Potions
 c - 2 potions of ambrosia
 i - 5 potions of curing
 k - 2 potions of attraction {unknown}
 l - 2 potions of cancellation {unknown}
 m - 3 potions of lignification
 p - 3 potions of brilliance
 s - 3 potions of flight {unknown}
 z - 2 potions of might
 I - 5 potions of mutation
 P - a potion of haste {unknown}


   Skills:
 + Level 10.4 Fighting
 - Level 9.9(10.2) Short Blades
 - Level 3.4(7.2) Long Blades
 - Level 14.0 Armour
 - Level 6.2 Dodging
 - Level 2.0 Stealth
 - Level 12.3 Invocations
 - Level 9.5 Evocations


You had 13 spell levels left.
You didn't know any spells.
Your spell library contained the following spells:

 Spells                   Type           Power      Damage    Failure   Level
 Freeze                   Ice            0%         1d3       100%        1
 Shock                    Conj/Air       0%         1d3       100%        1
 Summon Small Mammal      Summ           0%         N/A       100%        1
 Cigotuvi's Dreadful Rot  Necr/Pois/Air  0%         N/A       100%        2
 Ensorcelled Hibernation  Hex/Ice        0%         N/A       100%        2
 Passwall                 Tmut/Erth      0%         N/A       100%        2
 Call Canine Familiar     Summ           0%         N/A       100%        3
 Frozen Ramparts          Ice            0%         1d1       100%        3
 Hailstorm                Conj/Ice       0%         3d3       100%        3
 Summon Guardian Golem    Hex/Summ       0%         N/A       100%        3
 Swiftness                Air            0%         N/A       100%        3
 Airstrike                Air            0%         2d(0-16)  100%        4
 Passage of Golubria      Tloc           0%         N/A       100%        4
 Alistair's Intoxication  Tmut/Pois      0%         N/A       100%        5
 Freezing Cloud           Conj/Ice/Air   0%         6-21      100%        5
 Silence                  Hex/Air        0%         N/A       100%        5
 Eringya's Noxious Bog    Tmut/Pois      0%         N/A       100%        6
 Simulacrum               Ice/Necr       0%         N/A       100%        6
 Lehudib's Crystal Spear  Conj/Erth      0%         10d2      100%        8
 Polar Vortex             Ice            0%         N/A       100%        9


Dungeon Overview and Level Annotations

Branches:
Dungeon (11/15)            Temple (1/1) D:4            Lair (5/5) D:9
  Swamp (0/4) Lair:3       Spider (0/4) Lair:3          Orc (0/2) D:11
 Bailey (visited)
  Slime: Lair:4-5

Altars:
Ashenzari
Cheibriados
Dithmenos
Elyvilon
Fedhas
Gozag
Hepliaklqana
Kikubaaqudgha
Makhleb
Nemelex Xobeh
Okawaru
Qazlal
Ru
Sif Muna
Trog
Uskayaw
Vehumet
Wu Jian
Xom
Yredelemnul
Zin
The Shining One

Shops:
D:4 *

Annotations:
D:4 1 runed translucent door, Crazy Yiuf
D:8 4 runed translucent doors
D:11 1 runed translucent door, Leetuas's ghost, journeyman DsMo
Lair:5 Rupert


Innate Abilities, Weirdness & Mutations

You have large cloven feet.
You possess an exceptional clarity of mind.
Your spells are a little harder to cast, but a little more powerful.


Message History

* * * LOW HITPOINT WARNING * * *
Press: ? - help, Dir - move target, f/p - Rupert Heal: Rupert, wielding a +3 heavy great sword and wearing a +0 leather armour (strong, slow, weak-willed, chance to pacify: 12%)
The light of Elyvilon fails to reach Rupert.
Press: ? - help, Dir - move target, f/p - Rupert Heal: Rupert, wielding a +3 heavy great sword and wearing a +0 leather armour (strong, slow, chance to pacify: 12%)
The light of Elyvilon fails to reach Rupert.
You feel your willpower return.
Rupert looks more energetic.
Rupert hits you with a +3 heavy great sword!
* * * LOW HITPOINT WARNING * * *
Press: ? - help, Dir - move target, f/p - Rupert Heal: Rupert, wielding a +3 heavy great sword and wearing a +0 leather armour (strong, chance to pacify: 12%)
The light of Elyvilon fails to reach Rupert.
You can no longer heal and attempt to pacify others.
Okay, then.
Unknown command.
Unknown command.
Rupert roars madly and goes into a rage!
Rupert goes berserk!
Okay, then.
Level annotation: Rupert Welcome back, Lavandula the Human Monk.
Elyvilon says: Go forth and aid the weak!
Press ? for a list of commands and other information.
Okay, then.
Okay, then.
Okay, then.
Okay, then.
Aiming: Paralyse
Press: ? - help, Shift-Dir - straight line, f - Rupert
Aim: Rupert, wielding a +3 heavy great sword and wearing a +0 leather armour (berserk, strong, chance to affect: 10%) Rupert resists with almost no effort.
Rupert hits you with a +3 heavy great sword!
* * * LOW HITPOINT WARNING * * *
Are you sure you want to abandon this character and quit the game? (Confirm with "yes".)
Okay, then.
Are you sure you want to abandon this character and quit the game? (Confirm with "yes".)
Okay, then.
Are you sure you want to abandon this character and quit the game? (Confirm with "yes".)

#♣♣♣ ####### #P.♣♣
##.###P#...#####!.P♣
.(.....<.......@@..♣
)..................♣
....................♣
.......................
...P..P.../..###P....♣♣
######.....### #####♣♣
##..... .......


You could see Rupert (berserk, strong).

Vanquished Creatures
  Snorg (D:10)
  Fannar (Lair:2)
  A boulder beetle (Lair:1)
  3 two-headed ogres
  A death yak (D:9)
  A pharaoh ant (Lair:3)
  Pikel (D:7)
  7 elephants
  4 black mambas
  10 rime drakes
  8 cane toads
  6 komodo dragons
  A troll (D:9)
  A polar bear (Lair:4)
  A tyrant leech (Lair:3)
  A hornet (D:9)
  Prince Ribbit (D:7)
  A tarantella (Lair:3)
  8 blink frogs
  Sigmund (D:4)
  A jumping spider (Lair:3)
  2 shadows
  A vampire (D:10)
  Grum (D:8)
  2 wyverns
  45 yaks
  5 basilisks
  7 steam dragons
  A redback (Lair:3)
  Menkaure (D:7)
  Edmund (D:4)
  2 swamp worms (Lair:3)
  2 acid dragons
  13 water moccasins
  3 black bears
  An ice beast (D:6)
  9 orc warriors
  2 ogres
  30 wolves
  8 centaurs
  4 kobold brigands
  3 lemures
  A phantom (D:5)
  A necrophage (D:6)
  10 bullfrogs
  6 wights
  3 killer bees (D:7)
  4 electric eels
  A howler monkey (D:6)
  A crimson imp (D:6)
  4 hounds
  4 jellies
  10 orc priests
  An iron imp (D:4)
  A gnoll bouda (D:8)
  3 iguanas
  Natasha (twice) (D:3)
  10 orc wizards
  Terence (D:2)
  Robin (D:4)
  17 gnolls
  8 adders
  3 shadow imps
  An ufetubus (D:6)
  A worm (D:3)
  4 dart slugs
  32 orcs
  3 bats (D:2)
  4 endoplasms
  3 giant cockroaches
  17 goblins
  5 hobgoblins
  5 jackals
  21 kobolds
  A quokka (D:5)
  5 ball pythons
  4 frilled lizards
  A goblin zombie (D:11)
  A hobgoblin zombie (D:11)
  3 orc zombies (D:11)
  3 rats
409 creatures vanquished.

Vanquished Creatures (others)
  2 death yaks (D:9)
  5 elephants
  A rime drake (Lair:2)
  Maggie (Lair:2)
  A cane toad (Lair:4)
  A tarantella (Lair:3)
  5 yaks
  2 steam dragons (Lair:2)
  An orc priest (D:8)
  An orc (D:8)
  2 hobgoblins (Bailey)
  14 fungi
  13 plants
49 creatures vanquished.

Grand Total: 458 creatures vanquished

Notes
Turn   | Place    | Note
-------+----------+-------------------------------------------
     0 | D:1      | Lavandula the Human Monk began the quest for the Orb.
     0 | D:1      | Reached XP level 1. HP: 18/18 MP: 1/1
     6 | D:1      | You fall into a shaft and drop 1 floor!
    85 | D:1      | Reached XP level 2. HP: 24/24 MP: 2/2
   124 | D:1      | Reached skill level 1 in Short Blades
   383 | D:1      | Reached XP level 3. HP: 29/29 MP: 3/3
   721 | D:2      | Noticed Terence
   742 | D:2      | Killed Terence
   743 | D:2      | Reached XP level 4. HP: 27/35 MP: 4/4
  1045 | D:2      | Reached XP level 5. HP: 34/41 MP: 5/5
  1336 | D:2      | Found a shimmering altar of Xom.
  1658 | D:3      | Noticed Natasha
  1670 | D:3      | Killed Natasha
  1957 | D:3      | Noticed Natasha
  1994 | D:3      | Killed Natasha
  1995 | D:3      | Reached skill level 5 in Short Blades
  1995 | D:3      | Reached XP level 6. HP: 30/47 MP: 6/6
  2286 | D:4      | Noticed Sigmund
  2288 | D:4      | Found a snail-covered altar of Cheibriados.
  2337 | D:4      | Found Gour's Assorted Antiques.
  2359 | D:4      | Bought a scroll labelled MABIOL DAPSOKE for 27 gold pieces
  2359 | D:4      | Bought a scroll labelled VUSKUTTOOGG for 27 gold pieces
  2359 | D:4      | Bought a scroll labelled FAEBEL DE QUAS for 27 gold pieces
  2483 | D:4      | Noticed Robin
  2494 | D:4      | Killed Robin
  2596 | D:4      | Reached XP level 7. HP: 45/52 MP: 7/7
  2663 | D:4      | Found a runed translucent door.
  2664 | D:4      | Noticed Crazy Yiuf
  2989 | D:4      | Found a staircase to the Ecumenical Temple.
  3007 | D:4      | Noticed Edmund
  3035 | D:4      | Killed Edmund
  3055 | Temple   | Entered the Ecumenical Temple
  3403 | D:4      | Killed Sigmund
  3404 | D:4      | Reached XP level 8. HP: 42/58 MP: 8/8
  3824 | D:5      | Entered Level 5 of the Dungeon
  4032 | D:5      | Gained mutation: Your body sometimes deteriorates upon
                  | taking damage. [potion of mutation]
  4033 | D:5      | Lost mutation: Your body sometimes deteriorates upon taking
                  | damage. [potion of mutation]
  4033 | D:5      | Gained mutation: You have large cloven feet. [potion of
                  | mutation]
  4033 | D:5      | Gained mutation: You possess an exceptional clarity of
                  | mind. [potion of mutation]
  4033 | D:5      | Gained mutation: Your spells are a little harder to cast,
                  | but a little more powerful. [potion of mutation]
  4070 | D:5      | Found a blossoming altar of Fedhas.
  4320 | D:5      | Found a white marble altar of Elyvilon.
  4449 | D:5      | Became a worshipper of Elyvilon the Healer
  4449 | D:5      | Reached * piety under Elyvilon
  4449 | D:5      | Reached ** piety under Elyvilon
  4663 | D:6      | Noticed a two-headed ogre
  4687 | D:6      | Killed a two-headed ogre
  4688 | D:6      | Reached XP level 9. HP: 23/63 MP: 9/13
  4825 | D:6      | Reached skill level 1 in Armour
  4959 | D:6      | Reached skill level 2 in Armour
  5176 | D:6      | Reached skill level 3 in Armour
  5532 | D:6      | Reached skill level 4 in Armour
  5974 | D:6      | Found a burning altar of Makhleb.
  6058 | D:7      | Reached *** piety under Elyvilon
  6094 | D:7      | Reached XP level 10. HP: 46/72 MP: 14/14
  6214 | D:7      | Reached skill level 5 in Fighting
  6509 | D:7      | Noticed Pikel
  6570 | D:7      | Noticed Prince Ribbit
  6571 | D:7      | Killed Prince Ribbit
  6630 | D:7      | Reached skill level 1 in Evocations
  6653 | D:7      | Killed Pikel
  6736 | D:7      | Noticed Menkaure
  6745 | D:7      | Killed Menkaure
  7072 | D:8      | Reached skill level 5 in Armour
  7151 | D:8      | Found a huge runed translucent gate.
  7151 | D:8      | Found a huge runed translucent gate.
  7151 | D:8      | Found a huge runed translucent gate.
  7151 | D:8      | Found a huge runed translucent gate.
  7151 | D:8      | Noticed a manticore
  7151 | D:8      | Noticed a death yak
  7167 | D:8      | Noticed Grum
  7424 | D:8      | Killed Grum
  7425 | D:8      | Reached skill level 6 in Armour
  7886 | D:8      | Reached skill level 7 in Armour
  8080 | D:8      | Reached XP level 11. HP: 64/81 MP: 15/15
  8257 | D:8      | Reached skill level 8 in Armour
  8791 | D:9      | Reached **** piety under Elyvilon
  8813 | D:9      | Found a flagged portal.
  8829 | Bailey   | Entered a bailey
  9062 | Bailey   | Noticed an orc knight
  9071 | Bailey   | Pacified an orc knight
  9189 | Bailey   | Acquired a manual of Evocations
  9199 | Bailey   | Found an iron altar of Okawaru.
  9199 | Bailey   | Noticed an orc sorcerer
  9199 | Bailey   | Noticed an orc sorcerer
  9202 | Bailey   | Pacified an orc sorcerer
  9203 | Bailey   | Reached skill level 5 in Evocations
  9204 | Bailey   | Pacified an orc sorcerer
  9286 | Bailey   | Got the Handbook of Blight
  9430 | D:9      | Found a hide-covered altar of Uskayaw.
  9727 | D:9      | Noticed a two-headed ogre
  9730 | D:9      | Noticed a death yak
  9747 | D:9      | Killed a two-headed ogre
  9748 | D:9      | Pacified a death yak
 10000 | D:9      | Reached skill level 9 in Armour
 10097 | D:9      | Found a staircase to the Lair.
 10104 | D:9      | Noticed a death yak
 10105 | D:9      | Noticed a death yak
 10105 | D:9      | Noticed a death yak
 10105 | D:9      | Noticed a death yak
 10139 | D:9      | Pacified a death yak
 10140 | D:9      | Reached XP level 12. HP: 26/88 MP: 13/18
 10145 | D:9      | Killed a death yak
 10519 | D:10     | Entered Level 10 of the Dungeon
 10590 | D:10     | Reached skill level 10 in Armour
 10818 | D:10     | Identified the +0 scale mail "Baxkilip" {rCorr Int+4}
 11318 | D:10     | Found a shimmering blue altar of Sif Muna.
 11348 | D:10     | Noticed a two-headed ogre
 11355 | D:10     | Killed a two-headed ogre
 11390 | D:10     | Reached skill level 11 in Armour
 11637 | D:10     | Found a stormy altar of Qazlal.
 11641 | D:10     | Noticed Snorg
 11661 | D:10     | Killed Snorg
 11959 | D:11     | Found a runed translucent door.
 12043 | D:11     | Noticed Leetuas's ghost (journeyman DsMo)
 12043 | D:11     | Noticed a lich
 12044 | D:11     | Noticed a yaktaur captain
 12045 | D:11     | Noticed a boulder beetle
 12045 | D:11     | Noticed a deep troll
 12112 | D:11     | Noticed a boulder beetle
 12127 | D:11     | Found a staircase to the Orcish Mines.
 12278 | D:9      | Pacified a death yak
 12279 | D:9      | Reached skill level 12 in Armour
 12288 | D:9      | Killed a death yak
 12301 | D:9      | Killed a death yak
 12304 | D:9      | Pacified a death yak
 12368 | Lair:1   | Entered Level 1 of the Lair of Beasts
 12420 | Lair:1   | Reached skill level 13 in Armour
 12814 | Lair:1   | Reached XP level 13. HP: 80/93 MP: 19/19
 13255 | Lair:1   | Reached skill level 14 in Armour
 13742 | Lair:2   | Reached skill level 10 in Invocations
 13874 | Lair:2   | Noticed Fannar
 13912 | Lair:2   | Killed Fannar
 13972 | Lair:2   | Reached ***** piety under Elyvilon
 14505 | Lair:2   | Noticed Maggie
 14527 | Lair:2   | Pacified Maggie
 14566 | Lair:2   | Killed Maggie
 15264 | Lair:3   | Reached XP level 14. HP: 72/104 MP: 23/23
 15671 | Lair:3   | Found a staircase to the Swamp.
 15883 | Lair:3   | Reached skill level 10 in Fighting
 15921 | Lair:3   | Found a hole to the Spider Nest.
 16321 | Lair:3   | Reached skill level 5 in Dodging
 17566 | Lair:5   | Entered Level 5 of the Lair of Beasts
 17566 | Lair:5   | Noticed Rupert
 17567 | Lair:5   | Paralysed by Rupert for 5 turns
 17577 | Lair:5   | Elyvilon protects you from harm!
 17580 | Lair:5   | HP: 3/111 [Rupert/+3 heavy great sword (43)]
 17608 | Lair:5   | HP: 4/111 [Rupert/+3 heavy great sword (15)]
 17609 | Lair:5   | Quit the game

Illustrated notes

Levels and vault maps discovered:
D:1:      zaba_arrival_water, layout_rooms
D:2:      cheibrodos_pilgrimage, layout_loops_corners, basic_altar,
          kennysheep_boxes, uniq_terence
D:3:      layout_loops_ring, uniq_natasha
D:4:      layout_basic, slow_altar_1, minmay_temple_entry_glassed_door,
          serial_shops, nicolae_stop_n_shop_2, nicolae_eternal_life,
          sigmund_army, uniq_robin, uniq_sigmund, uniq_crazy_yiuf_cottage,
          uniq_edmund
D:5:      layout_rooms, kennysheep_mini, fedhas_altar_4
D:6:      layout_basic, makhleb_grotto_becter, kennysheep_path_1,
          mrwooster_statue_mirror, minmay_misc_feat_enclosed
D:7:      layout_rooms, uniq_pikel, uniq_menkaure, uniq_prince_ribbit1
D:8:      lemuel_bear_cage, layout_basic, minmay_starry_boxes, uniq_grum
D:9:      layout_irregular_city, nicolae_uskayaw_suspiria, dpeg_lair_monsters,
          enter_bailey_6, patterned_corridor
D:10:     layout_loops_corners, tgw_sif, nicolae_qazlal_style_of_elements,
          chequers_garden, uniq_snorg
D:11:     layout_loops_ring, zombieorc1_lemuel, muffindrake_ghost_dual_entry
Temple:   regret_index_temple_waves
Lair:1:   layout_regular_city, pdpol_lair_cavern_descent, lemuel_fruit_tree,
          grunt_megastairs_1
Lair:2:   layout_cave_pods, nicolae_quartered_pool_impasse,
          bobbens_dragon_lair_wall, uniq_maggie, uniq_fannar
Lair:3:   layout_regular_city, minmay_swamp_entry_worms,
          nicolae_spider_entry_lesser_pyramids, st_stairs_9,
          grunt_forest_large_clearings
Lair:4:   layout_regular_city
Lair:5:   minmay_lair_end_enchanted_forest, layout_long_grid, slime_entry_1,
          uniq_rupert

Skill      XL: |  1  2  3  4  5  6  7  8  9 10 11 12 13 14 |
---------------+-------------------------------------------+-----
Short Blades   | 1 2 3 5 6 8 9 |  9.9
Invocations    | 6 8 12 | 12.3
Armour         | 4 7 9 13 14 | 14.0
Fighting       | 4 6 7 10 | 10.4
Evocations     | 4 9 |  9.5
Dodging        | 6 |  6.2
Long Blades    | |  3.4
Stealth        | |  2.0

Action                     |  1- 3 |  4- 6 |  7- 9 | 10-12 | 13-15 || total
---------------------------+-------+-------+-------+-------+-------++-------
  Melee: Falchion          |    11 |       |       |       |       ||    11
         Short sword       |    62 |   142 |   257 |   990 |  1204 ||  2655
         Punch             |     1 |     1 |     5 |    25 |    18 ||    50
         Kick              |       |       |    54 |   439 |   518 ||  1011
  Throw: Boomerang         |       |       |    14 |     5 |       ||    19
         Dart              |       |       |       |     2 |       ||     2
         Throwing net      |       |       |       |       |     2 ||     2
 Invoke: Heal Other        |       |       |       |    17 |    25 ||    42
         Heal Self         |       |       |       |     2 |    20 ||    22
  Evoke: Wand              |       |       |     5 |    17 |     7 ||    29
    Use: Scroll            |       |     6 |     2 |    12 |     1 ||    21
         Potion            |       |       |     2 |       |     6 ||     8
   Stab: Sleeping          |     3 |     4 |     4 |     1 |       ||    12
         Distracted        |       |     1 |       |       |       ||     1
 Armour: Robe              |     5 |    16 |       |       |       ||    21
         Quicksilver drago |       |     1 |    66 |   128 |       ||   195
         Plate armour      |       |       |       |   220 |   723 ||   943
         Skin              |       |       |       |       |    84 ||    84
  Dodge: Dodged            |    34 |    70 |    84 |   267 |   279 ||   734

Table legend: (Time is in decaauts)
 A = Elapsed time spent in this place.
 B = Non-inter-level travel time spent in this place.
 C = Inter-level travel time spent in this place.
 D = Time resting spent in this place.
 E = Time spent auto-exploring this place.
 F = Levels seen in this place.
 G = Mean time per level.
                   A        B        C        D        E       F      G
               +--------+--------+--------+--------+--------+-----+--------+
         Total |  16855 |  16129 |    726 |   2194 |  10062 |  18 |  936.4 |
       Dungeon |  11266 |  10839 |    427 |   1891 |   6545 |  11 | 1024.2 |
        Temple |    177 |    161 |     16 |      0 |    148 |   1 |  177.0 |
          Lair |   4902 |   4620 |    282 |    264 |   3162 |   5 |  980.4 |
        Bailey |    509 |    509 |      0 |     39 |    207 |   1 |  509.0 |
               +--------+--------+--------+--------+--------+-----+--------+

Top non-repeatable levels by time:
     D:8: 1694 daAuts
    D:10: 1521 daAuts
  Lair:2: 1460 daAuts
     D:6: 1342 daAuts
  Lair:3: 1332 daAuts
     D:4: 1329 daAuts
     D:9: 1141 daAuts
  Lair:1: 1109 daAuts
     D:5: 999 daAuts
  Lair:4: 956 daAuts
     D:3: 811 daAuts
     D:2: 796 daAuts
     D:7: 734 daAuts
     D:1: 678 daAuts
  Bailey: 509 daAuts
